 Dungeon Crawl Stone Soup version 0.27-a0-998-g4cfe56dd59 (webtiles) character file.

Game seed: 16355334000425938606

17257 gruber the Protected (level 11, -2/74 HPs)
             Began as a Demigod Conjurer on Apr 16, 2021.
             Slain by a boulder beetle (21 damage)
             ... on level 12 of the Dungeon.
             The game lasted 00:39:41 (14099 turns).

gruber the Protected (Demigod Conjurer)            Turns: 14099, Time: 00:39:41

Health: -2/74      AC: 13    Str:  8    XL:     11   Next: 89%
Magic:  13/25      EV: 11    Int: 32    God:
Gold:   551        SH: 10    Dex: 12    Spells: 11/24 levels left

rFire    . . .     SeeInvis .   x - staff of cold
rCold    + . .     Faith    .   o - +0 buckler
rNeg     . . .     Spirit   .   F - +0 troll leather armour
rPois    .         Reflect  +   v - +1 helmet
rElec    .         Harm     .   G - +1 cloak
rCorr    .         Rampage  .   (no gloves)
Will     +....                  r - +1 pair of boots
Stlth    ++........             k - amulet of reflection
HPRegen  1.22/turn              (no ring)
MPRegen  0.19/turn              (no ring)

@: no status effects
A: high mp 1, forlorn
a: no special abilities


You were on level 12 of the Dungeon.
You visited 1 branch of the dungeon, and saw 12 of its levels.

You collected 577 gold pieces.
You spent 26 gold pieces at shops.

Inventory:

Missiles
 s - 14 poisoned darts
 B - 2 throwing nets
Armour
 o - a +0 buckler (worn)
 r - a +1 pair of boots (worn)
 v - a +1 helmet (worn)
 F - a +0 troll leather armour (worn)
 G - a +1 cloak (worn)
Magical Staves
 x - a staff of cold (weapon)
Jewellery
 k - an amulet of reflection (around neck)
 I - a ring of resist corrosion
 L - an amulet of regeneration
Wands
 a - a wand of polymorph (25)
 u - a wand of acid (11)
Scrolls
 c - a scroll of summoning {unknown}
 f - a scroll of identify
 g - 2 scrolls of immolation {unknown}
 i - 3 scrolls of teleportation {unknown}
 j - a scroll of enchant weapon {unknown}
 q - 2 scrolls of fog {unknown}
 t - 6 scrolls of noise {unknown}
 w - a scroll of vulnerability {unknown}
 y - 5 scrolls of magic mapping {unknown}
 A - a scroll of amnesia {unknown}
 E - a scroll of silence {unknown}
 H - a scroll of enchant armour {unknown}
 J - a scroll of blinking {unknown}
Potions
 b - 2 potions of attraction
 d - a potion of degeneration
 e - 2 potions of mutation
 h - a potion of resistance
 l - a potion of brilliance
 m - 2 potions of haste
 n - 2 potions of ambrosia
 p - a potion of magic
 z - a potion of heal wounds
 C - a potion of flight
 D - 2 potions of curing
 K - a potion of berserk rage


   Skills:
 * Level 11.9 Armour
 - Level 1.7 Dodging
 - Level 1.7 Stealth
 - Level 5.1 Shields
 - Level 7.0 Spellcasting
 - Level 11.2 Conjurations


You had 11 spell levels left.
You knew the following spells:

 Your Spells              Type           Power      Damage    Failure   Level
a - Magic Dart            Conj           100%       1d8       1%          1
b - Searing Ray           Conj           100%       3d7       1%          2
c - Dazzling Flash        Conj/Hex       94%        N/A       1%          3
d - Iskenderun's Mystic   Conj/Tloc      47%        2d10      5%          4
e - Mephitic Cloud        Conj/Pois/Air  35%        N/A       3%          3

Your spell library contained the following spells:

 Spells                   Type           Power      Damage    Failure   Level
 Iskenderun's Battlesphe  Conj           70%        2d12      1%          5
 Sting                    Tmut/Pois      44%        1d5       5%          1
 Fulminant Prism          Conj/Hex       23%        3d13      5%          4
 Poisonous Vapours        Pois/Air       22%        N/A       8%          2
 Ignite Poison            Fire/Tmut/Pois 11%        N/A       16%         3
 Bolt of Magma            Conj/Fire/Erth 17%        4d9       30%         5
 Orb of Destruction       Conj           35%        9d13      41%         7
 Olgreb's Toxic Radiance  Pois           11%        N/A       45%         4
 Iron Shot                Conj/Erth      23%        9d5       63%         6
 Spellforged Servitor     Conj/Summ      23%        N/A       99%         7


Dungeon Overview and Level Annotations

Branches:
Dungeon (12/15)            Temple (0/1) D:7            Lair (0/6) D:11
    Orc (0/2) D:12

Shops:
D:3 :   D:12 ?

Annotations:
D:3 1 runed translucent door, 2 transporters, TheNamelessOne's ghost, amateur OpCK
D:4 3 runed translucent doors, bmj180's ghost, amateur MiFi
D:9 5 runed translucent doors
D:10 3 runed translucent doors, Anon1729's ghost, journeyman DjWz


Innate Abilities, Weirdness & Mutations

Your attributes grow dramatically as you level up.
You have an increased reservoir of magic. (+10% MP)
You shall have no god before yourself.


Message History

The manticore barely misses the cyan ugly thing. x2
The boulder beetle is engulfed in noxious fumes.
The cyan ugly thing punches you but does no damage.
Unknown command.
Unknown command.
Casting: Searing Ray (safe; 1% risk of failure)
Confirm with . or Enter, or press ? or * to list all spells.
Aiming: Searing Ray (safe; 1% risk of failure)
Press: ? - help, Shift-Dir - straight line, f/p - manticore
Aim: a manticore (severely wounded, confused, 98% to hit)
The searing ray hits the cyan ugly thing.
The cyan ugly thing is almost dead.
The searing ray hits the manticore!
The manticore is almost dead.
The searing ray hits the boulder beetle.
The boulder beetle is lightly wounded. (Press . to maintain the ray.)
The cyan ugly thing punches you! The cyan ugly thing shocks you!
Unknown command.
Unknown command.
The searing ray hits the cyan ugly thing!
The cyan ugly thing is almost dead.
The searing ray hits the manticore!
You kill the manticore!
The searing ray hits the boulder beetle!
The boulder beetle is lightly wounded.
The cyan ugly thing punches you. The cyan ugly thing shocks you!
* * * LOW HITPOINT WARNING * * *
Unknown command.
The searing ray hits the cyan ugly thing!
You kill the cyan ugly thing!
The searing ray hits the boulder beetle!
The boulder beetle is moderately wounded.
The boulder beetle curls into a ball and begins rolling!
Unknown command.
Unknown command.
The searing ray hits the boulder beetle but does no damage.
The boulder beetle is moderately wounded.
You finish channeling your searing ray.
The boulder beetle hits you!!
You die...

#.. .# .. .. #.# .'. #B .
.+.# #.# #.# . . #.#.####
#.# #.#H#.#. #....# #.#
..#u#. #....# #.# #[..
#.##.# #.#
..#####'#####.##.##########
........○B@...##...........
........#.###.##...........
#+#####.#.# #.##...........
#.#.# #.############# #.#.#
... #.# #.#.# #.# #.# #.#.#
..# #.# #.#.# ### #.# #.#.#
#.#


You could see a boulder beetle (rolling).

Vanquished Creatures
  Josephine (D:11)
  2 two-headed ogres
  10 death yaks
  An ugly thing (D:12)
  A manticore (D:12)
  Maurice (D:10)
  A gargoyle (D:10)
  4 trolls
  A hornet (D:8)
  A meliai zombie (D:9)
  A shadow (D:11)
  3 yaks (D:12)
  4 wraiths
  7 vampire mosquitoes (D:11)
  3 wargs (D:12)
  2 acid dragons
  2 water moccasins
  3 orc warriors
  2 ice beasts
  3 sky beasts
  4 necrophages
  7 centaurs
  2 bullfrogs
  A kobold brigand (D:6)
  2 gnoll sergeants
  A scorpion (D:5)
  A water moccasin skeleton (D:6)
  6 killer bees (D:9)
  4 howler monkeys
  A bullfrog zombie (D:6)
  3 centaur zombies
  Crazy Yiuf (D:6)
  5 hounds
  7 orc priests
  A bullfrog skeleton (D:7)
  An iguana (D:5)
  14 orc wizards
  A howler monkey zombie (D:6)
  10 gnolls
  An adder (D:2)
  A howler monkey skeleton (D:7)
  4 worms
  A dart slug (D:4)
  45 orcs
  10 ball pythons
  5 endoplasms
  4 giant cockroaches (D:2)
  3 goblins
  11 hobgoblins
  16 jackals
  23 kobolds
  2 quokkas
  4 bats
  A frilled lizard (D:1)
  4 rats
260 creatures vanquished.

Vanquished Creatures (others)
  A fungus (D:6)
  62 plants
63 creatures vanquished.

Grand Total: 323 creatures vanquished

Notes
Turn   | Place    | Note
-------+----------+-------------------------------------------
     0 | D:1      | gruber the Demigod Conjurer began the quest for the Orb.
     0 | D:1      | Reached XP level 1. HP: 14/14 MP: 5/5
   303 | D:1      | Reached XP level 2. HP: 20/20 MP: 0/7
   836 | D:2      | Learned a level 2 spell: Searing Ray
  1093 | D:2      | Reached XP level 3. HP: 26/26 MP: 1/8
  1830 | D:1      | Reached skill level 5 in Conjurations
  1884 | D:1      | Reached XP level 4. HP: 33/33 MP: 8/10
  2421 | D:3      | Found a runed translucent door.
  2424 | D:3      | Noticed TheNamelessOne's ghost (amateur OpCK)
  2622 | D:3      | Noticed a yak
  2623 | D:3      | Found a transporter.
  2872 | D:3      | Found Eduerch's Book Emporium.
  3159 | D:3      | Found a transporter.
  3443 | D:4      | Identified the +1 short sword of Paheum {vorpal, *Slow
                  | rC+++ Dex-4 SInv}
  3506 | D:4      | Found a runed translucent gate.
  3506 | D:4      | Found a runed translucent gate.
  3507 | D:4      | Found a runed translucent gate.
  3510 | D:4      | Noticed bmj180's ghost (amateur MiFi)
  4005 | D:4      | Reached XP level 5. HP: 38/38 MP: 9/12
  4381 | D:5      | Entered Level 5 of the Dungeon
  5322 | D:5      | Reached XP level 6. HP: 45/45 MP: 9/13
  5601 | D:6      | Learned a level 3 spell: Dazzling Flash
  5606 | D:6      | Learned a level 4 spell: Iskenderun's Mystic Blast
  5978 | D:6      | Reached XP level 7. HP: 35/50 MP: 2/14
  6964 | D:6      | Found a runed translucent door.
  6965 | D:6      | Noticed Crazy Yiuf
  6970 | D:6      | Killed Crazy Yiuf
  7062 | D:7      | Reached XP level 8. HP: 53/57 MP: 10/15
  7331 | D:7      | Reached skill level 10 in Conjurations
  7426 | D:7      | Reached skill level 1 in Shields
  7515 | D:7      | Learned a level 3 spell: Mephitic Cloud
  7645 | D:7      | Found a staircase to the Ecumenical Temple.
  7763 | D:7      | Noticed a blizzard demon
  7980 | D:7      | Noticed an angel
  8472 | D:8      | Reached skill level 5 in Shields
  8700 | D:8      | Reached XP level 9. HP: 51/62 MP: 8/17
  9417 | D:9      | Found the +9 staff of Olgreb {rPois∞}
  9458 | D:9      | Found a runed translucent door.
  9467 | D:9      | Found a runed translucent gate.
  9467 | D:9      | Found a runed translucent gate.
  9468 | D:9      | Found a runed translucent door.
  9486 | D:9      | Reached skill level 5 in Spellcasting
  9561 | D:9      | Found a runed translucent gate.
  9936 | D:9      | Noticed a +0 dagger
  9941 | D:9      | Noticed a +0 hand axe
 10395 | D:10     | Entered Level 10 of the Dungeon
 10402 | D:10     | Noticed a two-headed ogre
 10409 | D:10     | Killed a two-headed ogre
 10487 | D:9      | Reached XP level 10. HP: 69/69 MP: 1/23
 10726 | D:10     | Noticed Maurice
 10733 | D:10     | Killed Maurice
 11217 | D:10     | Noticed a 12-headed hydra
 11218 | D:10     | Found a runed translucent gate.
 11218 | D:10     | Noticed Anon1729's ghost (journeyman DjWz)
 11219 | D:10     | Found a runed translucent gate.
 11220 | D:10     | Found a runed translucent gate.
 11586 | D:11     | Reached skill level 5 in Armour
 11912 | D:11     | Noticed a death yak
 11912 | D:11     | Noticed a death yak
 11913 | D:11     | Noticed a death yak
 11913 | D:11     | Noticed a death yak
 11914 | D:11     | Noticed a death yak
 11926 | D:11     | Noticed a death yak
 11935 | D:11     | Noticed a death yak
 11937 | D:11     | Noticed a death yak
 11940 | D:11     | Noticed a death yak
 11941 | D:11     | Noticed a death yak
 11944 | D:11     | Killed a death yak
 11944 | D:11     | Killed a death yak
 11945 | D:11     | Killed a death yak
 11946 | D:11     | Reached XP level 11. HP: 53/74 MP: 8/25
 11948 | D:11     | Killed a death yak
 12126 | D:11     | Killed a death yak
 12131 | D:11     | Killed a death yak
 12346 | D:10     | Killed a death yak
 12553 | D:11     | Found a staircase to the Lair.
 12579 | D:11     | Killed a death yak
 12580 | D:11     | Reached skill level 10 in Armour
 12584 | D:11     | Killed a death yak
 12586 | D:11     | Killed a death yak
 12876 | D:11     | Noticed Josephine
 12967 | D:11     | Killed Josephine
 13416 | D:12     | Noticed a two-headed ogre
 13430 | D:12     | Killed a two-headed ogre
 13586 | D:12     | Found a staircase to the Orcish Mines.
 13844 | D:12     | Found Fone Myi's Magic Scroll Emporium.
 13852 | D:12     | Bought a scroll of identify for 26 gold pieces
 14087 | D:12     | Noticed a boulder beetle
 14099 | D:12     | Slain by a boulder beetle

Illustrated notes

Levels and vault maps discovered:
D:1:      grunt_arrival_lava_bath, layout_basic
D:2:      minmay_alternating_diamond, layout_rooms, basic_altar,
          minmay_worlds_worst_comb
D:3:      layout_rooms, nicolae_vehumet_altar_sigil,
          gammafunk_temple_overflow_arena, xom_teletrap_fun,
          hellmonk_ghost_happy_afterlife, serial_shops,
          nicolae_shop_window_shopping, kennysheep_generic_room_4
D:4:      layout_loops_corners, ebering_ghost_rock_garden, eino_tiny_chamber
D:5:      layout_loops_corners, overflow_temple_1_default,
          nicolae_overflow_hidden_temple, roderic_roman_lattice
D:6:      kennysheep_kobold_camp, layout_rooms, nicolae_ru_the_path_less_chosen,
          uniq_crazy_yiuf_cottage, uniq_grinder
D:7:      layout_rooms, grunt_temple_overflow_order_and_chaos_2,
          lemuel_crystal_altar, minmay_temple_entry_statues_fountains,
          minmay_a_box_with_orc_wizards_in_it
D:8:      layout_cave_pods, general_overflow_altar
D:9:      layout_loops_ring, lemuel_crystal_altar, dancing_weapons_uskayaw,
          minmay_guarded_unrand_staff_of_olgreb
D:10:     layout_loops_ring, gammafunk_ghost_hydra_chop,
          minmay_misc_feat_enclosed, uniq_maurice
D:11:     layout_loops_ring, dpeg_lair_monsters, uniq_josephine
D:12:     minmay_the_grid_plus [minmay_the_grid_slots, minmay_the_grid_rooms,
          minmay_the_grid_expand, minmay_the_grid_diamond_grid,
          minmay_the_grid_prize_four_corners], layout_loops_corners,
          minmay_orc_entry_guard_dogs, serial_shops, shop,
          serial_co_window_serial, co_window_paths_a, co_window_paths_a,
          co_window_paths_a, co_window_of_opportunity_a, co_window_paths_a,
          co_window_corner_a, co_window_paths_a, co_window_corner_a,
          co_window_paths_b, co_window_corner_b, co_window_broadway_a,
          co_window_of_opportunity_c, co_window_2corner, co_window_paths_c,
          co_window_broadway_b, co_window_corner_b, glass_columns_c,
          glass_columns_a, glass_columns_c, glass_columns_b

Skill      XL: |  1  2  3  4  5  6  7  8  9 10 11 |
---------------+----------------------------------+-----
Conjurations   | 4 5 6 7 9 10 11 | 11.2
Spellcasting   | 2 3 6 7 |  7.0
Shields        | 5 |  5.1
Armour         | 8 11 | 11.9
Dodging        | |  1.7
Stealth        | |  1.7

Action                   |  1- 3 |  4- 6 |  7- 9 | 10-12 || total
-------------------------+-------+-------+-------+-------++-------
Melee: Unarmed           |    22 |       |    12 |       ||    34
       Staff             |       |       |     9 |     9 ||    18
 Cast: Magic Dart        |    57 |    22 |    17 |    12 ||   108
       Searing Ray       |     8 |    44 |    69 |    65 ||   186
       Dazzling Flash    |       |       |     2 |       ||     2
       Iskenderun's Myst |       |       |     1 |     3 ||     4
       Mephitic Cloud    |       |       |       |     7 ||     7
  Use: Scroll            |       |       |       |    11 ||    11
Armor: Robe              |    10 |     4 |     8 |       ||    22
       Troll leather arm |       |       |     8 |    32 ||    40
Dodge: Dodged            |    41 |     9 |    43 |    29 ||   122
Block: Other             |       |     1 |       |       ||     1
       Buckler           |       |     2 |    37 |    40 ||    79
       Reflection        |       |       |     1 |     2 ||     3

Table legend: (Time is in decaauts)
 A = Elapsed time spent in this place.
 B = Non-inter-level travel time spent in this place.
 C = Inter-level travel time spent in this place.
 D = Time resting spent in this place.
 E = Time spent auto-exploring this place.
 F = Levels seen in this place.
 G = Mean time per level.
                   A        B        C        D        E       F      G
               +--------+--------+--------+--------+--------+-----+--------+
         Total |  14108 |  13699 |    409 |    562 |  11527 |  12 | 1175.7 |
       Dungeon |  14108 |  13699 |    409 |    562 |  11527 |  12 | 1175.7 |
               +--------+--------+--------+--------+--------+-----+--------+

Top non-repeatable levels by time:
     D:6: 1467 daAuts
     D:2: 1459 daAuts
    D:10: 1323 daAuts
     D:8: 1318 daAuts
    D:11: 1274 daAuts
     D:9: 1248 daAuts
     D:5: 1209 daAuts
     D:4: 1134 daAuts
     D:7: 980 daAuts
     D:1: 956 daAuts
    D:12: 903 daAuts
     D:3: 831 daAuts
